 Dungeon Crawl Stone Soup version 0.25-a0-781-gc44aebf4fe (webtiles) character file.

Game seed: 9925798310999951378, levelgen mode: deterministic

10334 Bapho the Basher (level 11, -8/102 HPs)
             Began as a Deep Dwarf Necromancer on Apr 15, 2020.
             Mangled by a gargoyle
             ... wielding a +0 flail
              (16 damage)
             ... on level 11 of the Dungeon.
             The game lasted 00:29:49 (9523 turns).

Bapho the Basher (Deep Dwarf Necromancer)           Turns: 9523, Time: 00:29:49

Health: -8/102     AC:  9    Str: 15    XL:     11   Next: 34%
Magic:  12/13      EV: 11    Int: 18    God:
Gold:   506        SH:  0    Dex: 18    Spells: 9/23 levels left

rFire    x . .     SeeInvis .   E - +8 whip of Zaditun {venom, +Blink rF- MR+ Dex+5}
rCold    . . .     Gourm    .   (no shield)
rNeg     + . .     Faith    .   G - +0 ring mail
rPois    .         Spirit   .   B - +2 hat
rElec    .         Reflect  .   s - +0 cloak
rCorr    .         Harm     .   T - +0 pair of gloves
MR       ++...                  (no boots)
Stlth    ++........             (no amulet)
HPRegen  0.00/turn              H - +2 ring of strength
MPRegen  0.13/turn              k - ring of positive energy

@: non-regenerating
A: damage resistance, heal wounds, sense surroundings 2, no regeneration
a: Heal Wounds, Evoke Blink


You were on level 11 of the Dungeon.
You were not hungry.

You visited 1 branch of the dungeon, and saw 11 of its levels.

You collected 506 gold pieces.

Inventory:

Hand Weapons
 b - a +4 dagger
 q - a +0 long sword
 x - a +1 flail of venom
 A - a +6 rapier of speed
 C - a +2 whip of electrocution
 E - the +8 whip of Zaditun (weapon) {venom, +Blink rF- MR+ Dex+5}
   (You found it on level 5 of the Dungeon)

   It poisons the flesh of those it strikes.
   It affects your dexterity (+5).
   It makes you vulnerable to fire.
   It affects your resistance to hostile enchantments.
   It lets you blink.
Missiles
 e - 194 stones (quivered)
Armour
 a - a +0 robe
 s - a +0 cloak (worn)
 B - a +2 hat (worn)
 D - a +2 helmet
 G - a +0 ring mail (worn)
 T - a +0 pair of gloves (worn)
Jewellery
 k - a ring of positive energy (right hand)
 l - an uncursed amulet of harm
 o - an uncursed ring of teleportation
 H - a +2 ring of strength (left hand)
 Q - an uncursed ring of ice {unknown}
Wands
 u - a wand of disintegration (6)
 y - a wand of enslavement (18)
 F - a wand of digging (9)
 K - a wand of flame (16)
 P - a wand of clouds (7)
Scrolls
 d - 5 scrolls of amnesia
 g - 7 scrolls of identify
 i - 3 scrolls of blinking
 n - 3 scrolls of teleportation
 r - 3 scrolls of enchant weapon
 J - a scroll of random uselessness
 M - a scroll of enchant armour
 R - a scroll of vulnerability
 S - a scroll of magic mapping
Potions
 f - 3 potions of heal wounds {unknown}
 h - 2 potions of magic
 j - 2 potions of might {unknown}
 m - 2 potions of haste {unknown}
 p - a potion of lignification {unknown}
 t - a potion of mutation {unknown}
 v - 4 potions of curing
 w - a potion of berserk rage {unknown}
 z - 2 potions of flight {unknown}
 L - 4 potions of brilliance {unknown}
Comestibles
 c - 23 rations
 I - 2 chunks of flesh


   Skills:
 + Level 7.6 Fighting
 * Level 11.6 Maces & Flails
 - Level 2.1 Dodging
 - Level 2.4 Stealth
 - Level 6.5 Spellcasting
 - Level 9.4 Necromancy


You had 9 spell levels left.
You knew the following spells:

 Your Spells              Type           Power        Failure   Level  Hunger
a - Pain                  Necr           ####         1%          1    None
b - Animate Skeleton      Necr           N/A          1%          1    None
c - Vampiric Draining     Necr           #####.....   1%          3    ##.....
d - Animate Dead          Necr           N/A          4%          4    ####...
e - Agony                 Necr           #####...     13%         5    #####..

Your spell library contained the following spells:

 Spells                   Type           Power        Failure   Level  Hunger


Dungeon Overview and Level Annotations

Branches:
Dungeon (11/15)            Temple (0/1) D:6            Lair (0/6) D:9
    Orc: D:9-12

Altars:
Okawaru
Xom

Shops:
D:5 }   D:6 [   D:7 }


Innate Abilities, Weirdness & Mutations

You are resistant to damage.
You can heal yourself by infusing magical energy.
You passively map the area around you.
You do not regenerate.


Message History

Aim: a gargoyle, wielding a +0 flail (lightly damaged)
You can't drain life from that!
Casting: Vampiric Draining (safe; 1% risk of failure)
Confirm with . or Enter, or press ? or * to list all spells.
Aiming: Vampiric Draining (safe; 1% risk of failure)
Press: ? - help, Shift-Dir - straight line, f/p - gargoyle
Aim: a gargoyle, wielding a +0 flail (lightly damaged)
You can't drain life from that!
The gargoyle hurls a stone arrow at you.
The stone arrow misses you.
Your gnoll zombie hits the gargoyle but does no damage.
Your gnoll zombie hits the gargoyle but does no damage. x2
You see here a scroll of fog.
Your orc priest zombie hits the gargoyle but does no damage.
Your gnoll zombie hits the gargoyle with a +0 club!
Your gnoll zombie closely misses the gargoyle.
You hit the gargoyle but do no damage.
The gargoyle is moderately damaged.
The gargoyle hits you with a +0 flail!!
You die...

, ..........##)(....# *
, , ........####))...##
## , ,
..........##.)...###.. ,
,
,.....###...).......$..,
,, , ....#
###..####..(.. *** ,,
...#* #...# #...(...
,,... ##...###..###.. ,
.. * ##.....#..## ## ,,
,, , * ##..)..@9.T## *
*, , #.......ZZ..## , ,
........#..Z....##* , ,
,,,..................#*
, ,
..###....##...##....., ,
, ,,.$ #..#####..# ###..
, , ,, , #.. #..# . ,,**
,,, , #..#* ##..#** , ,
* , , .... * #...# , ,


You could see a troll, a gargoyle, 2 friendly gnoll zombies and a friendly orc
priest zombie.

Vanquished Creatures
  Gastronok (D:10)
  Erolcha (D:10)
  Harold (D:10)
  Pikel (D:5)
  A centaur zombie (D:11)
  A gargoyle (D:11)
  A troll (D:10)
  2 hippogriffs
  Eustachio (D:4)
  A hungry ghost (D:9)
  Edmund (D:4)
  Menkaure (D:5)
  4 ice beasts
  3 orc warriors
  3 black bears
  3 sky beasts
  2 slaves (D:5)
  7 ogres
  5 centaurs
  A crocodile (D:5)
  3 big kobolds
  5 bullfrogs
  A gnoll sergeant (D:11)
  4 scorpions
  7 wights (D:7)
  4 howler monkeys
  5 crimson imps
  A bullfrog zombie (D:8)
  A hound (D:7)
  8 orc priests
  A gnoll shaman (D:8)
  9 orc wizards
  An iguana (D:9)
  Ijyb (D:5)
  6 worker ants
  2 hound zombies
  2 hound skeletons
  A worker ant zombie (D:10)
  8 gnolls
  13 adders
  4 shadow imps
  A white imp (D:6)
  2 adder zombies
  2 adder skeletons
  2 worms
  10 leopard geckos
  39 orcs
  A ball python (D:1)
  7 bats
  6 giant cockroaches
  8 goblins
  9 hobgoblins
  2 jackals (D:2)
  5 quokkas
  5 frilled lizards
  16 kobolds
  A leopard gecko zombie (D:7)
  5 rats (D:1)
249 creatures vanquished.

Vanquished Creatures (collateral kills)
  A sky beast (D:8)
  A black bear (D:8)
  A scorpion (D:4)
  A wight (D:7)
  A howler monkey (D:8)
  A hound (D:8)
  A worker ant (D:4)
  2 gnolls
  2 adders
  2 orcs
  A frilled lizard (D:3)
  2 rats (D:2)
16 creatures vanquished.

Vanquished Creatures (others)
  A slave (D:5)
  A scorpion (D:5)
  A howler monkey (D:5)
  An orc wizard (D:5)
  A worker ant zombie (D:5)
  3 orcs (D:5)
8 creatures vanquished.

Grand Total: 273 creatures vanquished

Notes
Turn   | Place    | Note
-------+----------+-------------------------------------------
     0 | D:1      | Bapho the Deep Dwarf Necromancer began the quest for the
                  | Orb.
     0 | D:1      | Reached XP level 1. HP: 15/15 MP: 3/3
   116 | D:1      | Reached XP level 2. HP: 16/22 MP: 5/5
   494 | D:1      | Learned a level 1 spell: Animate Skeleton
   975 | D:2      | Reached XP level 3. HP: 17/28 MP: 6/6
   983 | D:2      | Reached skill level 5 in Necromancy
  1486 | D:2      | Reached XP level 4. HP: 25/36 MP: 8/8
  1518 | D:2      | Learned a level 3 spell: Vampiric Draining
  2042 | D:3      | Found an iron altar of Okawaru.
  2329 | D:3      | Reached XP level 5. HP: 25/42 MP: 1/9
  2791 | D:3      | Learned a level 4 spell: Animate Dead
  3203 | D:4      | Reached XP level 6. HP: 15/49 MP: 0/10
  3421 | D:4      | Noticed Edmund
  3445 | D:4      | Killed Edmund
  3780 | D:4      | Reached XP level 7. HP: 31/55 MP: 3/10
  3893 | D:4      | Noticed Eustachio
  3906 | D:4      | Killed Eustachio
  3906 | D:4      | Reached skill level 5 in Spellcasting
  4175 | D:5      | Entered Level 5 of the Dungeon
  4180 | D:5      | Noticed Pikel
  4225 | D:5      | Killed Pikel
  4225 | D:5      | Reached XP level 8. HP: 29/62 MP: 2/12
  4373 | D:5      | Noticed Menkaure
  4379 | D:5      | Killed Menkaure
  4472 | D:5      | Got a brightly glowing whip
  4473 | D:5      | Identified the +8 whip of Zaditun {venom, +Blink rF- MR+
                  | Dex+5} (You found it on level 5 of the Dungeon)
  4653 | D:5      | Learned a level 5 spell: Agony
  4663 | D:5      | Noticed Ijyb
  4668 | D:5      | Killed Ijyb
  4695 | D:5      | Found Vaoxkaanigu's Gadget Emporium.
  4740 | D:5      | Reached skill level 1 in Maces & Flails
  5034 | D:5      | Reached skill level 1 in Fighting
  5232 | D:6      | Reached skill level 2 in Maces & Flails
  5260 | D:6      | Found Laehax's Armour Boutique.
  5478 | D:6      | Reached skill level 3 in Maces & Flails
  5551 | D:6      | Gained mutation: You passively map the area around you.
                  | [Deep Dwarf growth]
  5551 | D:6      | Reached XP level 9. HP: 45/73 MP: 0/13
  5563 | D:6      | Reached skill level 4 in Maces & Flails
  5793 | D:6      | Found a staircase to the Ecumenical Temple.
  6130 | D:7      | Reached skill level 5 in Maces & Flails
  6288 | D:7      | Reached skill level 6 in Maces & Flails
  6447 | D:7      | Found Iripres's Gadget Boutique.
  6617 | D:8      | Found a shimmering altar of Xom.
  6634 | D:8      | Reached skill level 7 in Maces & Flails
  6807 | D:8      | Reached XP level 10. HP: 50/87 MP: 7/14
  6834 | D:8      | Reached skill level 5 in Fighting
  6841 | D:8      | Reached skill level 8 in Maces & Flails
  7457 | D:9      | Found a staircase to the Lair.
  7890 | D:9      | Reached skill level 9 in Maces & Flails
  8249 | D:10     | Entered Level 10 of the Dungeon
  8468 | D:10     | Noticed Erolcha
  8484 | D:10     | Killed Erolcha
  8484 | D:10     | Reached skill level 10 in Maces & Flails
  8752 | D:10     | Noticed Gastronok
  8779 | D:10     | Killed Gastronok
  8779 | D:10     | Reached skill level 11 in Maces & Flails
  8779 | D:10     | Reached XP level 11. HP: 54/100 MP: 1/15
  8835 | D:10     | Noticed Harold
  8869 | D:10     | Killed Harold
  9523 | D:11     | Mangled by a gargoyle

Levels and vault maps discovered:
D:1:      lightli_arrival_statue_moat, layout_basic, patterned_corridor
D:2:      layout_basic, first_ration, minmay_diced_spiral
D:3:      layout_loops_corners, nicolae_overflow_crystal_walls
D:4:      layout_basic, uniq_eustachio, uniq_edmund
D:5:      layout_loops_corners, serial_shops, shop, uniq_pikel, uniq_ijyb,
          uniq_menkaure
D:6:      layout_basic, minmay_temple_entry_ruins, serial_shops,
          nicolae_shop_window_shopping, minmay_fire_ice_demons
D:7:      layout_cave_pools, serial_shops, shop, grunt_ogre_cave
D:8:      layout_cave_pools, basic_altar
D:9:      layout_roguey, lair_entry_dummy, minmay_misc_feat_nine_boxes,
          kennysheep_generic_room_15
D:10:     layout_loops_ring, hangedman_abyss_or_decor_clamps, uniq_erolcha,
          uniq_gastronok, uniq_harold
D:11:     layout_layer_cave, minmay_strange_pillars, onia_ninara_cookie

Skill      XL: |  1  2  3  4  5  6  7  8  9 10 |
---------------+-------------------------------+-----
Spellcasting   | 2 3 4 5 6 |  6.5
Necromancy     | 5 6 7 8 9 |  9.4
Maces & Flails | 3 7 11 | 11.6
Fighting       | 2 4 7 |  7.6
Dodging        | |  2.1
Stealth        | |  2.4

Action                   |  1- 3 |  4- 6 |  7- 9 | 10-12 || total
-------------------------+-------+-------+-------+-------++-------
Melee: Dagger            |    84 |    72 |       |       ||   156
       Unarmed           |     1 |       |       |       ||     1
       Long sword        |       |    79 |       |       ||    79
       Flail             |       |    10 |     9 |       ||    19
       Rapier            |       |       |    45 |       ||    45
       Whip              |       |       |   263 |   331 ||   594
Throw: Stone             |    49 |    36 |    61 |    88 ||   234
 Cast: Pain              |     9 |     3 |     4 |     2 ||    18
       Animate Skeleton  |     6 |    15 |     1 |       ||    22
       Vampiric Draining |       |    14 |    21 |    37 ||    72
       Animate Dead      |       |     3 |     6 |    12 ||    21
       Agony             |       |       |     2 |       ||     2
 Abil: Heal Wounds       |     2 |     5 |    11 |     8 ||    26
       Evoke Blink       |       |       |       |     1 ||     1
  Use: Scroll            |       |     5 |     4 |     6 ||    15
 Stab: Sleeping          |     1 |     4 |       |       ||     5
       Distracted        |     1 |       |     2 |     2 ||     5
  Eat: Chunk             |     2 |    10 |    13 |    11 ||    36
       Ration            |       |       |       |     1 ||     1
Armor: Robe              |    22 |    20 |    12 |       ||    54
       Ring mail         |       |       |   102 |    97 ||   199
Dodge: Dodged            |    58 |   109 |   226 |   159 ||   552
       Rpst.: Long sword |       |    20 |       |       ||    20

Table legend:
 A = Non-vault XP
 B = Vault XP
 C = Vault XP percentage of total XP
 D = Non-vault monster count
 E = Vault monster count
 F = Vault count percentage of total count
                 A         B        C        D         E       F
            +---------+---------+-------+---------+---------+-------
      Total |    8876 |    5888 |  39.9 |     248 |      15 |   5.7
            +---------+---------+-------+---------+---------+-------
        D:1 |      36 |       0 |   0.0 |      23 |       0 |   0.0
        D:2 |      77 |       3 |   3.8 |      19 |       2 |   9.5
        D:3 |     106 |       0 |   0.0 |      26 |       0 |   0.0
        D:4 |     385 |     372 |  49.1 |      16 |       2 |  11.1
        D:5 |     515 |     849 |  62.2 |      10 |       3 |  23.1
        D:6 |     846 |      59 |   6.5 |      27 |       2 |   6.9
        D:7 |    1158 |     112 |   8.8 |      19 |       1 |   5.0
        D:8 |    1491 |       0 |   0.0 |      31 |       0 |   0.0
        D:9 |    2048 |     133 |   6.1 |      42 |       2 |   4.5
       D:10 |     991 |    4360 |  81.5 |      21 |       3 |  12.5
       D:11 |    1223 |       0 |   0.0 |      14 |       0 |   0.0
            +---------+---------+-------+---------+---------+-------
